 Dungeon Crawl Stone Soup version 0.29-a0-575-g0dc89cf053 (webtiles) character file.

Game seed: 15156799969889051803

285 xian the Conjurer (level 6, -2/32 HPs)
             Began as a Deep Elf Conjurer on June 12, 2022.
             Slain by a troll (9 damage)
             ... on level 5 of the Dungeon.
             The game lasted 00:06:58 (3728 turns).

xian the Conjurer (Deep Elf Conjurer)               Turns: 3728, Time: 00:06:59

Health: -2/32      AC:  3    Str:  4    XL:     6   Next: 7%
Magic:  17/22      EV: 12    Int: 31    God:
Gold:   177        SH:  0    Dex: 13    Spells: 9/15 levels left

rFire   . . .      SeeInvis .   l - +6 Majin-Bo {vamp, MP+6 Int+6}
rCold   + . .      Faith    .   (shield currently unavailable)
rNeg    . . .      Spirit   .   j - +1 robe {rC+}
rPois   +          Reflect  .   (no helmet)
rElec   .          Harm     .   (no cloak)
rCorr   .          Rampage  .   (no gloves)
Will    .....                   (no boots)
Stlth   ++........              (no amulet)
HPRegen 0.10/turn               k - ring of poison resistance
MPRegen 0.18/turn               (no ring)

@: no status effects
A: no striking features
a: no special abilities


You were on level 5 of the Dungeon.
You visited 1 branch of the dungeon, and saw 5 of its levels.

You collected 177 gold pieces.

Inventory:

Hand Weapons
 l - the +6 Majin-Bo (weapon) {vamp, MP+6 Int+6}
   (You acquired it on level 4 of the Dungeon)

   It heals its wielder for a portion of the damage dealt when they wound a
   living foe with it or with a spell.
   Its wielder's spells cost health as well as magical power.
   Int:       It affects your intelligence (+6).
   MP:        It affects your magic capacity (+6).
Armour
 j - a +1 robe of cold resistance (worn)
Jewellery
 k - a ring of poison resistance (left hand)
Scrolls
 f - 2 scrolls of fear
Potions
 a - a potion of invisibility
 b - a potion of magic
 c - a potion of resistance
 d - a potion of cancellation {unknown}
 e - 2 potions of curing
 g - 2 potions of lignification
 h - 2 potions of haste


   Skills:
 + Level 0.3 Armour
 + Level 3.0 Dodging
 + Level 3.2 Stealth
 + Level 5.4 Spellcasting
 + Level 6.5 Conjurations


You had 9 spell levels left.
You knew the following spells:

 Your Spells              Type           Power      Damage    Failure   Level
a - Magic Dart            Conj           100%       1d8       1%          1
b - Searing Ray           Conj           98%        2d8       1%          2
c - Dazzling Flash        Conj/Hex       56%        N/A       4%          3

Your spell library contained the following spells:

 Spells                   Type           Power      Damage    Failure   Level
 Sting                    Tmut/Pois      32%        1d4       5%          1
 Ensorcelled Hibernation  Hex/Ice        16%        N/A       8%          2
 Passwall                 Tmut/Erth      6%         N/A       8%          2
 Poisonous Vapours        Pois/Air       16%        N/A       8%          2
 Fulminant Prism          Conj/Hex       14%        3d9       14%         4
 Iskenderun's Mystic Bla  Conj/Tloc      28%        2d7       14%         4
 Swiftness                Air            8%         N/A       16%         3
 Olgreb's Toxic Radiance  Pois           8%         N/A       45%         4


Dungeon Overview and Level Annotations

Branches:
Dungeon (5/15)
 Temple: D:4-7

Altars:


Message History

Your +0 dagger of freezing stops glowing.
You feel a darkness envelop your magic.
A voice whispers, "Let's make your enemies cower, shall we?"
l - the +6 Majin-Bo (weapon)
{vamp, MP+6 Int+6} You drop a +0 dagger of freezing.
Done exploring.
There is a stone staircase leading down here.
You climb downwards.
Found a morningstar.
There is a stone staircase leading up here.
A troll comes into view.
You see here a +0 morningstar.
The troll shouts!
You hear a shout!
The magic dart hits the troll.
You feel better.
The troll is lightly wounded.
Casting: Magic Dart (safe; 1% risk of failure)
Confirm with . or Enter, or press ? or * to list all spells.
Aiming: Searing Ray (safe; 1% risk of failure)
Press: ? - help, Shift-Dir - straight line, f/p - troll
Aim: a troll (lightly wounded, 83% to hit)
The searing ray hits the troll.
You feel better.
The troll is lightly wounded. (Press . to maintain the ray.)
An orc comes into view. It is wielding a +0 dagger.
The searing ray hits the troll!
The troll is heavily wounded.
You hear a shout!
You hear an angry hiss.
The orc shouts!
A hound comes into view.
The searing ray hits the troll!
The troll is severely wounded.
An ufetubus comes into view.
The searing ray hits the troll!
The troll is almost dead.
You finish channelling your searing ray.
An iguana comes into view.
The troll bites you! The troll claws you! The troll closely misses you.
The troll bites you.
* * * LOW HITPOINT WARNING * * *
The troll claws you!
You die...

##. ... #..
#.# #.# #.#
#.#
########)##
.......<@.#
.....##T#.#
... l....#
. #o###..#
.. ..# #.
.## . .# .#


You could see a troll, an iguana and an orc.

Vanquished Creatures
  Blork the orc (D:4)
  A necrophage (D:4)
  An iguana (D:4)
  6 adders
  An ufetubus (D:3)
  A worm (D:4)
  A dart slug (D:2)
  An orc (D:4)
  8 endoplasms
  A giant cockroach (D:3)
  5 goblins
  7 hobgoblins
  3 jackals (D:1)
  5 quokkas
  7 ball pythons
  2 bats
  2 frilled lizards
  4 kobolds
  4 rats
61 creatures vanquished.

Vanquished Creatures (others)
  A plant (D:1)
1 creature vanquished.

Grand Total: 62 creatures vanquished

Notes
Turn   | Place    | Note
-------+----------+-------------------------------------------
     0 | D:1      | xian the Deep Elf Conjurer began the quest for the Orb.
     0 | D:1      | Reached XP level 1. HP: 10/10 MP: 6/6
   303 | D:1      | Reached XP level 2. HP: 15/15 MP: 2/8
   445 | D:1      | Found a faded altar of an unknown god.
  1059 | D:2      | Reached skill level 5 in Conjurations
  1064 | D:2      | Learned a level 2 spell: Searing Ray
  1323 | D:2      | Reached XP level 3. HP: 19/19 MP: 6/9
  2182 | D:3      | Reached XP level 4. HP: 24/24 MP: 8/11
  2561 | D:4      | Noticed Blork the orc
  2705 | D:4      | Killed Blork the orc
  2706 | D:4      | Reached skill level 6 in Conjurations
  2706 | D:4      | Reached XP level 5. HP: 19/28 MP: 4/14
  2887 | D:4      | Learned a level 3 spell: Dazzling Flash
  2938 | D:4      | Reached skill level 5 in Spellcasting
  3078 | D:4      | Reached XP level 6. HP: 18/32 MP: 4/15
  3445 | D:4      | Identified a scroll of acquirement
  3445 | D:4      | Acquired the +6 Majin-Bo {vamp, MP+6 Int+6}
  3445 | D:4      | Found the +6 Majin-Bo {vamp, MP+6 Int+6}
  3719 | D:5      | Entered Level 5 of the Dungeon
  3720 | D:5      | Noticed a troll
  3728 | D:5      | Slain by a troll

Illustrated notes

Levels and vault maps discovered:
D:1:      minmay_arrival_up_and_down, layout_loops_ring, serial_forest,
          infiniplex_forest_zigzag_1, infiniplex_forest_lined_corner,
          infiniplex_forest_straight_2, infiniplex_forest_lined_2,
          infiniplex_forest_corner_1, infiniplex_forest_straight_4,
          infiniplex_forest_clump_diagonal, shapermc_ecumenical_altar_notcrosses
D:2:      layout_basic
D:3:      layout_rooms
D:4:      layout_cave_pools, uniq_blork_the_orc
D:5:      minmay_opposing_rooms, layout_loops_cross, minmay_misc_feat_encased,
          minmay_chambers_of_fives

Skill      XL: |  1  2  3  4  5 |
---------------+----------------+-----
Conjurations   | 5 6 |  6.5
Spellcasting   | 4 5 |  5.4
Stealth        | 3 |  3.2
Dodging        | 3 |  3.0
Armour         | |  0.3

Action                   |  1- 3 |  4- 6 || total
-------------------------+-------+-------++-------
 Cast: Magic Dart        |    60 |    67 ||   127
       Searing Ray       |     2 |     5 ||     7
  Use: Scroll            |     7 |     6 ||    13
Armor: Robe              |     1 |     1 ||     2
       Leather armour    |     1 |       ||     1
Dodge: Dodged            |     4 |     8 ||    12

Table legend: (Time is in decaauts)
 A = Elapsed time spent in this place.
 B = Non-inter-level travel time spent in this place.
 C = Inter-level travel time spent in this place.
 D = Time resting spent in this place.
 E = Time spent auto-exploring this place.
 F = Levels seen in this place.
 G = Mean time per level.
                   A        B        C        D        E       F      G
               +--------+--------+--------+--------+--------+-----+--------+
         Total |   3727 |   3624 |    103 |    131 |   3114 |   5 |  745.4 |
       Dungeon |   3727 |   3624 |    103 |    131 |   3114 |   5 |  745.4 |
               +--------+--------+--------+--------+--------+-----+--------+

Top non-repeatable levels by time:
     D:4: 1087 daAuts
     D:1: 1022 daAuts
     D:2: 1014 daAuts
     D:3: 594 daAuts
     D:5: 8 daAuts
